 Dungeon Crawl Stone Soup version 0.24.0-125-gc4c63601f3 (webtiles) character file.

Game seed: 16570080371416725390, levelgen mode: deterministic

1089 Curus the Cleaver (level 8, -2/64 HPs)
             Began as a Minotaur Fighter on Mar 4, 2020.
             Killed from afar by Dowan (16 damage)
             ... with a shard of ice
             ... on level 6 of the Dungeon.
             The game lasted 00:11:22 (3484 turns).

Curus the Cleaver (Minotaur Fighter)                Turns: 3484, Time: 00:11:23

Health: -2/64      AC: 11    Str: 20    XL:     8   Next: 9%
Magic:  7/7        EV:  5    Int:  7    God:
Gold:   141        SH:  9    Dex: 11    Spells: 7/7 levels left

rFire    . . .     SeeInvis +   n - +1 war axe (freeze)
rCold    . . .     Gourm    .   c - +0 shield
rNeg     . . .     Faith    .   e - +1 chain mail
rPois    .         Spirit   .   (helmet restricted)
rElec    .         Reflect  .   (no cloak)
rCorr    .         Harm     .   k - +0 pair of gloves
MR       .....                  (no boots)
Stlth    ..........             l - amulet of rage
HPRegen  0.20/turn              o - ring of see invisible
MPRegen  0.10/turn              (no ring)

@: no status effects
A: retaliatory headbutt, horns 2
a: Evoke Berserk Rage


You were on level 6 of the Dungeon.
You were not hungry.

You visited 1 branch of the dungeon, and saw 6 of its levels.

You collected 290 gold pieces.
You spent 149 gold pieces at shops.

Inventory:

Hand Weapons
 a - a +1 war axe
 n - a +1 war axe of freezing (weapon)
Armour
 b - a +0 scale mail
 c - a +0 shield (worn)
 e - a +1 chain mail (worn)
 k - a +0 pair of gloves (worn)
Jewellery
 l - an amulet of rage (around neck)
 o - a ring of see invisible (left hand)
Wands
 p - a wand of flame (15)
Scrolls
 g - a scroll of identify
 q - a scroll of remove curse
 r - a scroll of noise
Potions
 d - 2 potions of might
 h - a potion of flight
 i - a potion of brilliance
 j - a potion of curing
 m - a potion of cancellation
Comestibles
 f - 10 rations


   Skills:
 - Level 3.6 Fighting
 + Level 11.4 Axes
 - Level 3.6 Armour
 - Level 3.6 Shields


You had 7 spell levels left.
You didn't know any spells.
Your spell library contained the following spells:

 Spells                   Type           Power        Failure   Level  Hunger
 Animate Skeleton         Necr           N/A          100%        1    ##.....
 Pain                     Necr           #...         100%        1    ##.....
 Regeneration             Chrm/Necr      #.........   100%        3    ####...
 Vampiric Draining        Necr           #.........   100%        3    ####...
 Animate Dead             Necr           N/A          100%        4    #####..


Dungeon Overview and Level Annotations

Branches:
Dungeon (6/15)
 Temple: D:4-7

Altars:
Ashenzari
Dithmenos

Shops:
D:4 (

Annotations:
D:3 1 runed translucent door, mpzz's ghost, amateur TeAE
D:6 Dowan


Innate Abilities, Weirdness & Mutations

You reflexively headbutt those who attack you in melee.
You have a pair of horns on your head.


Message History

Dowan hits you but does no damage.
You closely miss Dowan.
Dowan is almost dead.
Dowan casts a spell at you. The stone arrow hits you.
* * * LOW HITPOINT WARNING * * *
You block Dowan's attack.
Your shield prevents you from hitting Dowan.
Dowan is almost dead.
Dowan hits you but does no damage. You block Dowan's attack.
Your chain mail prevents you from hitting Dowan.
Dowan is almost dead.
Dowan mumbles some strange words.
Dowan blinks!
Dowan gestures wildly while chanting.
Dowan blinks!
You start resting.
Dowan casts a spell at you. The shard of ice hits you!
You die...

#### #..... #### .. ...
#..... ##.(. ... #..
#..... .... #.# #.##.....
... #e# #......†.
#.###.#######<.....
.....###..#...).......####
.............#........#
#... ####@#..?.##.....#
.....#......#.###.....#
#..?.#.##)##>.# #...#+#
#......#...#.## #...#
.............# #..##
.............# ...#
##......†.......#
.............####
...........e##


You could see Dowan.

Vanquished Creatures
  Duvessa (D:6)
  A water moccasin (D:6)
  An ogre (D:4)
  A scorpion (D:2)
  A water moccasin skeleton (D:5)
  A howler monkey (D:4)
  A crimson imp (D:5)
  A hound (D:6)
  2 jellies
  A centaur skeleton (D:4)
  An orc priest (D:5)
  Terence (D:2)
  5 orc wizards
  4 worker ants
  6 gnolls (D:3)
  4 adders
  3 oozes
  2 worms (D:2)
  A dart slug (D:1)
  4 leopard geckos
  16 orcs
  5 bats
  4 giant cockroaches
  5 goblins
  10 hobgoblins
  6 jackals (D:5)
  8 kobolds
  3 quokkas
  A ball python (D:1)
  5 frilled lizards
  6 rats
111 creatures vanquished.

Notes
Turn   | Place    | Note
-------+----------+-------------------------------------------
     0 | D:1      | Curus the Minotaur Fighter began the quest for the Orb.
     0 | D:1      | Reached XP level 1. HP: 19/19 MP: 0/0
    45 | D:1      | Reached skill level 3 in Axes
   163 | D:1      | Reached XP level 2. HP: 22/26 MP: 1/1
   204 | D:1      | Reached skill level 4 in Axes
   317 | D:1      | Reached XP level 3. HP: 31/31 MP: 2/2
   555 | D:2      | Noticed Terence
   565 | D:2      | Killed Terence
   565 | D:2      | Reached skill level 5 in Axes
   606 | D:2      | Reached XP level 4. HP: 39/39 MP: 3/3
   762 | D:2      | Reached skill level 6 in Axes
   762 | D:2      | Reached XP level 5. HP: 41/45 MP: 4/4
  1037 | D:2      | Found a faded altar of an unknown god.
  1330 | D:3      | Found a runed translucent door.
  1331 | D:3      | Noticed mpzz's ghost (amateur TeAE)
  1508 | D:3      | Found a shadowy altar of Dithmenos.
  1612 | D:3      | Reached skill level 7 in Axes
  2062 | D:4      | Reached XP level 6. HP: 51/51 MP: 5/5
  2143 | D:4      | Reached skill level 8 in Axes
  2307 | D:4      | Reached skill level 9 in Axes
  2338 | D:4      | Reached XP level 7. HP: 51/57 MP: 6/6
  2478 | D:4      | Found Lanes's Antique Weapon Shop.
  2486 | D:4      | Bought a glowing war axe for 149 gold pieces
  2702 | D:4      | Found a shattered altar of Ashenzari.
  2707 | D:4      | Saw a vision of the Swamp and the Snake Pit.
  2707 | D:4      | Noticed a black mamba
  2707 | D:4      | Noticed a hornet
  2707 | D:4      | Noticed a naga sharpshooter
  2707 | D:4      | Noticed a black mamba
  2707 | D:4      | Noticed a black mamba
  2707 | D:4      | Noticed a black mamba
  2707 | D:4      | Noticed an anaconda
  2713 | D:4      | Noticed a black mamba
  2901 | D:5      | Entered Level 5 of the Dungeon
  3056 | D:5      | Reached skill level 10 in Axes
  3446 | D:6      | Noticed Duvessa
  3453 | D:6      | Noticed Dowan
  3458 | D:6      | Reached skill level 11 in Axes
  3472 | D:6      | Killed Duvessa
  3472 | D:6      | Reached XP level 8. HP: 28/64 MP: 7/7
  3484 | D:6      | Killed from afar by Dowan

Levels and vault maps discovered:
D:1:      dpeg_arrival_chambers_temple_mockup, layout_rooms
D:2:      minmay_diamond_boxcup, layout_basic, chequers_ecumenical_altar_lobes,
          uniq_terence
D:3:      layout_basic, ebering_ghost_inner_flame, nrook_uturn,
          nicolae_dithmenos_shadow_blocks
D:4:      layout_loops_corners, serial_shops, shop, minivault_19,
          grunt_ashenzari_visionary [grunt_ashenzari_visionary_swamp,
          grunt_ashenzari_visionary_snake]
D:5:      layout_rooms, first_ration
D:6:      layout_rooms, minmay_overflow_temple_star_quad, kennysheep_mini_moat,
          minmay_temple_entry_waves, chequers_serial_rivers_small_a,
          minmay_stone_trees_medium, uniq_duvessa

Skill      XL: |  1  2  3  4  5  6  7 |
---------------+----------------------+-----
Axes           | 3 4 5 6 7 9 11 | 11.4
Fighting       | |  3.6
Armour         | |  3.6
Shields        | |  3.6

Action                   |  1- 3 |  4- 6 |  7- 9 || total
-------------------------+-------+-------+-------++-------
Melee: War axe           |    73 |   123 |   104 ||   300
       Headbutt          |    10 |    16 |    18 ||    44
  Use: Scroll            |     4 |     3 |     2 ||     9
       Potion            |     4 |     1 |     1 ||     6
  Eat: Chunk             |       |     5 |       ||     5
       Ration            |       |       |     1 ||     1
Armor: Scale mail        |    27 |       |       ||    27
       Chain mail        |     4 |    52 |    59 ||   115
Dodge: Dodged            |    22 |    25 |    16 ||    63
Block: Shield            |    30 |    56 |    37 ||   123
